 Dungeon Crawl Stone Soup version 0.28-b1-1-g3c77fb2ed1 (webtiles) character file.

Game seed: 11706068067412873560

60927 pkoi the Minotaur Cataclysm (level 14, -4/113 HPs)
             Began as a Minotaur Fighter on Jan 30, 2022.
             Was a High Priest of Qazlal.
             Slain by an ogre (11 damage)
             ... on level 1 of the Orcish Mines on Jan 31, 2022.
             The game lasted 00:29:36 (30990 turns).

pkoi the Minotaur Cataclysm (Minotaur Fighter)     Turns: 30990, Time: 00:29:36

Health: -4/113     AC: 22    Str: 23    XL:     14   Next: 58%
Magic:  14/26      EV: 12    Int:  5    God:    Qazlal [*****.]
Gold:   438        SH: 11    Dex: 13    Spells: 14/17 levels left

rFire   . . .      SeeInvis .   J - +4 mace of Pain and Death {venom, rCorr Str+2}
rCold   . . .      Faith    .   c - +0 buckler
rNeg    . . .      Spirit   .   x - +0 plate armour
rPois   +          Reflect  .   (helmet restricted)
rElec   .          Harm     .   z - +0 cloak
rCorr   +          Rampage  .   w - +2 pair of gloves {infuse}
Will    ++...                   p - +0 pair of boots
Stlth   ..........              E - amulet of the acrobat
HPRegen 0.28/turn               s - ring of willpower
MPRegen 0.20/turn               I - ring of Juegoly {rPois EV+4 Str-4 Dex+2}

@: marked, protected from physical damage, studying Summonings, repel missiles
A: horns 2, retaliatory headbutt
a: Renounce Religion, Upheaval, Elemental Force, Disaster Area


You were on level 1 of the Orcish Mines.
You worshipped Qazlal.
Qazlal was extremely pleased with you.
You visited 5 branches of the dungeon, and saw 22 of its levels.

You collected 1175 gold pieces.
You spent 737 gold pieces at shops.

Inventory:

Hand Weapons
 a - a +0 flail
 J - the +4 mace of Pain and Death (weapon) {venom, rCorr Str+2}
   (You found it on level 5 of the Lair of Beasts)

   It poisons the flesh of those it strikes.
   Str:       It affects your strength (+2).
   rCorr:     It protects you from acid and corrosion.
Missiles
 k - 5 boomerangs (quivered)
 l - 34 poisoned darts
 y - 2 throwing nets
Armour
 c - a +0 buckler (worn)
 p - a +0 pair of boots (worn)
 w - a +2 pair of gloves of infusion (worn)
 x - a +0 plate armour (worn)
 z - a +0 cloak (worn)
Jewellery
 h - the ring of Gysh {rElec rC- AC+4 SInv Stlth+}
   (You took it off a goblin on level 2 of the Dungeon)

   [ring of protection]

   AC:        It affects your AC (+4).
   rC:        It makes you vulnerable to cold.
   rElec:     It insulates you from electricity.
   SInv:      It lets you see invisible.
   Stlth:     It makes you more stealthy.
 s - a ring of willpower (left hand)
 u - a ring of resist corrosion
 E - an amulet of the acrobat (around neck)
 F - a ring of fire
 I - the ring of Juegoly (right hand) {rPois EV+4 Str-4 Dex+2}
   (You bought it in a shop on level 2 of the Dungeon)

   [ring of evasion]

   EV:        It affects your evasion (+4).
   Str:       It affects your strength (-4).
   Dex:       It affects your dexterity (+2).
   rPois:     It protects you from poison.
 M - a ring of ice
Wands
 j - a wand of digging (9)
 q - a wand of iceblast (12)
 B - a wand of polymorph (6)
 G - a wand of paralysis (5)
 H - a wand of acid (10)
 O - a wand of flame (8)
Scrolls
 b - 2 scrolls of blinking
 e - 6 scrolls of teleportation
 n - 2 scrolls of identify
 r - 2 scrolls of fog
 t - 3 scrolls of amnesia
 A - 2 scrolls of enchant armour
 D - a scroll of holy word
 K - a scroll of magic mapping
 N - a scroll of brand weapon
Potions
 d - 6 potions of might
 f - 2 potions of brilliance
 g - 3 potions of flight
 i - 2 potions of berserk rage
 m - a potion of curing
 o - 7 potions of heal wounds
 C - 2 potions of cancellation
 L - a potion of lignification


   Skills:
 + Level 7.2 Fighting
 - Level 14.0 Maces & Flails
 + Level 7.1 Armour
 + Level 4.8 Dodging
 - Level 7.1 Stealth
 - Level 4.0 Shields
 + Level 2.0 Spellcasting
 + Level 2.0 Translocations
 + Level 18.3 Invocations
 + Level 6.4 Evocations


You had 14 spell levels left.
You knew the following spells:

 Your Spells              Type           Power      Damage    Failure   Level
a - Apportation           Tloc           4%         N/A       98%         1
b - Blink                 Tloc           4%         N/A       99%         2

Your spell library contained the following spells:

 Spells                   Type           Power      Damage    Failure   Level
 Animate Skeleton         Necr           0%         N/A       100%        1
 Freeze                   Ice            0%         1d3       100%        1
 Magic Dart               Conj           0%         1d3       100%        1
 Summon Small Mammal      Summ           0%         N/A       100%        1
 Searing Ray              Conj           0%         2d4       100%        2
 Sublimation of Blood     Necr           0%         N/A       100%        2
 Dazzling Flash           Conj/Hex       0%         N/A       100%        3
 Frozen Ramparts          Ice            0%         1d2       100%        3
 Lesser Beckoning         Tloc           2%         N/A       100%        3
 Fulminant Prism          Conj/Hex       0%         3d6       100%        4
 Hailstorm                Conj/Ice       0%         3d3       100%        4
 Iskenderun's Mystic Bla  Conj/Tloc      1%         2d3       100%        4
 Leda's Liquefaction      Hex/Erth       0%         N/A       100%        4
 Passage of Golubria      Tloc           2%         N/A       100%        4
 Petrify                  Tmut/Erth      0%         N/A       100%        4
 Summon Ice Beast         Ice/Summ       0%         N/A       100%        4
 Irradiate                Conj/Tmut      0%         3d13      100%        5
 Lee's Rapid Deconstruct  Erth           0%         3d5*      100%        5
 Manifold Assault         Tloc           2%         N/A       100%        5
 Silence                  Hex/Air        0%         N/A       100%        5
 Summon Mana Viper        Hex/Summ       0%         N/A       100%        5
 Starburst                Conj/Fire      0%         6d3       100%        6
 Statue Form              Tmut/Erth      0%         N/A       100%        6
 Monstrous Menagerie      Summ           0%         N/A       100%        7
 Lehudib's Crystal Spear  Conj/Erth      0%         10d2      100%        8


Dungeon Overview and Level Annotations

Branches:
Dungeon (12/15)            Temple (1/1) D:4            Lair (6/6) D:9
  Swamp (0/4) Lair:3       Spider (1/4) Lair:4        Slime (0/5) Lair:5
    Orc (2/2) D:10
    Elf: Orc:2

Altars:
Ashenzari
Cheibriados
Dithmenos
Elyvilon
Fedhas
Gozag
Hepliaklqana
Kikubaaqudgha
Makhleb
Nemelex Xobeh
Okawaru
Qazlal
Ru
Sif Muna
Trog
Uskayaw
Vehumet
Wu Jian
Xom
Yredelemnul
Zin
The Shining One
Beogh

Shops:
D:2 =*??   D:9 [   D:10 !   D:11 *

Annotations:
Lair:5 1 runed translucent door, Plazmod's ghost, journeyman DECj
Lair:6 2 runed translucent doors
Orc:1 1 runed translucent door, pkoi's ghost, journeyman MiGl


Innate Abilities, Weirdness & Mutations

You have a pair of horns on your head.
You reflexively headbutt those who attack you in melee.


Message History

You block the orc's attack. The orc barely misses you. You furiously retaliate!
You headbutt the orc. You hit the orc knight. You headbutt the orc knight!
The orc knight is moderately wounded.
The orc knight is struck by lightning.
The orc knight hits you with a +3 broad axe.
The orc hits you but does no damage. You block the orc's attack.
The orc warrior hits you with a +0 hand axe!
You block the ogre's attack.
The orc warrior hits you with a +0 long sword!
The orc hits you with a +0 club.
* * * LOW HITPOINT WARNING * * *
The orc closely misses you.
You sock the orc warrior!
The orc warrior is poisoned.
You headbutt the orc warrior, but do no damage.
The orc warrior is severely wounded.
The orc knight hits you with a +3 broad axe!
* * * LOW HITPOINT WARNING * * *
You feel more protected from physical attacks.
You block the orc's attack. The orc hits you but does no damage.
You block the orc warrior's attack.
You sock the orc warrior!
The orc warrior is moderately wounded.
The orc warrior hits you with a +0 long sword.
* * * LOW HITPOINT WARNING * * *
The orc barely misses you. You furiously retaliate!
You headbutt the orc.
You kill the orc!
Qazlal accepts your kill. The orc misses you. You block the ogre's attack.
The orc knight is struck by lightning.
The orc knight hits you with a +3 broad axe!
* * * LOW HITPOINT WARNING * * *
Activating: Disaster Area (0% risk of failure)
Press: ? - help, Dir - look around, f - activate Nature churns violently around you!
You block the orc's attack. The orc hits you but does no damage.
The orc warrior hits you but does no damage.
The orc warrior misses you. You block the orc's attack.
The ogre hits you with a +0 giant club!
You die...

##.###........>.....###....# ##
#..............[....####.... .##
#....§§....≈...........##... ..##
##.....§...≈.....)..........
.#.###.....§....≈§§..[#.#...##...
..........§.....§.§..........#...
##.......§.§....§○§...........#..
###...........°oO)○(.............
##.#...........o@o...........##..
..............§ooo☼...........##.
...##..#.....#°☼[.°>...........##
.####..........[...............##
................................#
.........).....[.......#....##.##
............#.........###.#.####
.......................###...#
#.>............#........##...#


You could see an orc knight (very poisoned), 2 orc warriors, an ogre and 3 orcs.

Vanquished Creatures
  6 hydras
  2 boulder beetles (D:12)
  Erolcha (D:11)
  2 catoblepae (Lair:6)
  A two-headed ogre (D:12)
  11 death yaks
  An orc high priest (Orc:1)
  2 bog bodies (Lair:3)
  A steelbarb worm (Lair:4)
  A lindwurm (Lair:6)
  2 orc sorcerers
  16 elephants
  A wolf spider (Lair:4)
  A cyclops (Orc:1)
  7 black mambas
  2 molten gargoyles (Lair:6)
  A gargoyle (D:10)
  7 cane toads
  Psyche (D:9)
  3 rime drakes
  A demonic crawler (Lair:4)
  An unseen horror (D:12)
  14 komodo dragons
  3 meliai (D:12)
  3 polar bears
  A hornet (D:11)
  2 tarantellas (Lair:4)
  3 slime creatures (Lair:5)
  5 trolls
  Prince Ribbit (D:5)
  Grinder (D:6)
  16 dream sheep
  11 blink frogs
  Sigmund (D:2)
  2 shadows
  2 culicivoras (Lair:4)
  4 wraiths
  4 wyverns
  A vampire (D:11)
  38 yaks
  Grum (D:11)
  6 basilisks
  3 steam dragons (Lair:6)
  3 redbacks (Lair:4)
  Menkaure (D:6)
  A warg (Orc:1)
  2 acid dragons (D:10)
  3 hell hounds (Lair:6)
  9 water moccasins
  11 orc warriors
  2 ice beasts (D:6)
  A hornet zombie (D:7)
  A black bear (Lair:3)
  24 wolves
  3 centaurs
  6 ogres
  A phantom (D:10)
  2 kobold brigands
  20 bullfrogs
  2 wyvern zombies
  A gnoll sergeant (D:6)
  2 scorpions
  2 water moccasin zombies
  A troll zombie (D:10)
  7 killer bees
  3 howler monkeys
  An electric eel (D:9)
  3 centaur zombies
  5 lava snakes (Lair:6)
  A hound (D:4)
  2 bullfrog zombies (D:6)
  2 centaur skeletons (D:6)
  3 jellies
  6 orc priests
  An iron imp (D:9)
  3 bullfrog skeletons
  Jessica (D:2)
  2 iguanas (D:5)
  9 orc wizards
  A killer bee zombie (D:8)
  5 ogre zombies (D:10)
  Robin (D:1)
  10 adders
  13 gnolls
  2 shadow imps
  A white imp (D:7)
  An ufetubus (D:5)
  An adder zombie (D:5)
  4 dart slugs
  50 orcs
  8 ball pythons
  3 endoplasms
  4 giant cockroaches
  18 goblins
  7 hobgoblins
  11 kobolds
  A quokka (D:3)
  7 bats
  2 frilled lizards
  3 goblin zombies (D:10)
  2 hobgoblin zombies (D:10)
  6 orc skeletons (D:10)
  8 orc zombies (D:10)
  6 rats
515 creatures vanquished.

Vanquished Creatures (others)
  An orc wizard (D:5)
  2 bushes
  30 fungi
  47 plants
80 creatures vanquished.

Grand Total: 595 creatures vanquished

Notes
Turn   | Place    | Note
-------+----------+-------------------------------------------
     0 | D:1      | pkoi the Minotaur Fighter began the quest for the Orb.
     0 | D:1      | Reached XP level 1. HP: 19/19 MP: 0/0
    99 | D:1      | Reached XP level 2. HP: 26/26 MP: 1/1
   116 | D:1      | Found a faded altar of an unknown god.
   728 | D:2      | Noticed Sigmund
   728 | D:2      | Found Azxaran's Assorted Antiques.
   731 | D:2      | Reached XP level 3. HP: 28/31 MP: 2/2
   732 | D:2      | Noticed Robin
  1095 | D:3      | Reached skill level 5 in Maces & Flails
  1368 | D:2      | Noticed Jessica
  1373 | D:1      | Reached XP level 4. HP: 32/39 MP: 3/3
  1460 | D:1      | Killed Robin
  1472 | D:2      | Killed Jessica
  2104 | D:2      | Found Giesum's Magic Scroll Shop.
  2152 | D:2      | Identified the ring of Gysh {rElec rC- AC+4 SInv Stlth+}
  2192 | D:3      | Found a white marble altar of Elyvilon.
  2290 | D:3      | Noticed a scorpion
  2294 | D:3      | Killed a scorpion
  2295 | D:3      | Reached XP level 5. HP: 36/45 MP: 4/4
  2435 | D:3      | You fall into a shaft and drop 1 floor!
  2461 | D:4      | Reached skill level 1 in Evocations
  2712 | D:4      | Reached skill level 1 in Dodging
  2712 | D:4      | Reached XP level 6. HP: 43/52 MP: 5/5
  2983 | D:4      | Found a staircase to the Ecumenical Temple.
  2989 | Temple   | Entered the Ecumenical Temple
  3096 | Temple   | Became a worshipper of Qazlal Stormbringer
  3172 | D:4      | Found a broken altar of Ashenzari.
  4066 | D:3      | Reached skill level 1 in Invocations
  4608 | D:2      | Found Gatuop's One-of-a-Kind Rings.
  4807 | D:2      | Killed Sigmund
  4808 | D:2      | Reached XP level 7. HP: 48/60 MP: 5/7
  4898 | D:2      | Found Leawk's Magic Scroll Shoppe.
  5093 | D:5      | Entered Level 5 of the Dungeon
  5093 | D:5      | Noticed Prince Ribbit
  5416 | D:5      | Reached skill level 2 in Invocations
  5534 | D:5      | Reached * piety under Qazlal
  5601 | D:5      | Killed Prince Ribbit
  5602 | D:5      | Reached skill level 5 in Fighting
  5602 | D:5      | Reached skill level 5 in Armour
  5602 | D:5      | Reached XP level 8. HP: 33/68 MP: 8/8
  6126 | D:5      | Found a shimmering altar of Xom.
  6484 | D:6      | Reached skill level 3 in Invocations
  7006 | D:6      | Noticed Menkaure
  7011 | D:6      | Killed Menkaure
  7097 | D:6      | Noticed Grinder
  7171 | D:6      | Killed Grinder
  7172 | D:6      | Reached skill level 4 in Invocations
  7733 | D:6      | Reached XP level 9. HP: 70/75 MP: 11/11
  8464 | D:7      | Reached skill level 5 in Invocations
  8805 | D:8      | Reached skill level 5 in Evocations
  9207 | D:8      | Reached ** piety under Qazlal
  9969 | D:8      | Reached skill level 10 in Maces & Flails
 10225 | D:9      | Noticed Psyche
 10229 | D:9      | Killed Psyche
 10230 | D:9      | Reached skill level 6 in Invocations
 10340 | D:9      | Found a snail-covered altar of Cheibriados.
 10398 | D:9      | Found a staircase to the Lair.
 10409 | D:9      | Found Jyur's Armour Boutique.
 10464 | D:9      | Bought a +2 pair of gloves of infusion for 236 gold pieces
 10516 | D:9      | Noticed an orc sorcerer
 10524 | D:9      | Killed an orc sorcerer
 10525 | D:9      | Reached XP level 10. HP: 82/83 MP: 8/14
 10806 | D:9      | Reached skill level 7 in Invocations
 11213 | D:10     | Entered Level 10 of the Dungeon
 11790 | D:10     | Noticed a gargoyle
 11794 | D:10     | Killed a gargoyle
 11795 | D:10     | Reached skill level 8 in Invocations
 11904 | D:10     | Reached *** piety under Qazlal
 12100 | D:10     | Found a staircase to the Orcish Mines.
 12232 | D:10     | Found Akhlodwete's Distillery.
 12820 | Lair:1   | Entered Level 1 of the Lair of Beasts
 12887 | Lair:1   | Reached skill level 9 in Invocations
 13061 | Lair:1   | Reached XP level 11. HP: 46/89 MP: 5/17
 13970 | Lair:2   | Reached skill level 10 in Invocations
 14332 | Lair:2   | Noticed a death yak
 14333 | Lair:2   | Noticed a death yak
 14334 | Lair:2   | Noticed a death yak
 14347 | Lair:2   | Killed a death yak
 14375 | Lair:1   | Killed a death yak
 14413 | Lair:2   | Killed a death yak
 14961 | Lair:2   | Reached skill level 11 in Invocations
 15667 | Orc:1    | Entered Level 1 of the Orcish Mines
 15668 | Orc:1    | Noticed an orc sorcerer
 15672 | Orc:1    | Killed an orc sorcerer
 15904 | Orc:1    | Noticed an orc high priest
 16473 | Lair:3   | Noticed a six-headed hydra
 16483 | Lair:3   | Killed a six-headed hydra
 16484 | Lair:3   | Reached skill level 12 in Invocations
 16719 | Lair:3   | Noticed a five-headed hydra
 16741 | Lair:3   | Killed a five-headed hydra
 17113 | Lair:3   | Reached XP level 12. HP: 79/96 MP: 13/20
 17383 | Lair:3   | Reached skill level 13 in Invocations
 17739 | Lair:3   | Found a staircase to the Swamp.
 17751 | Lair:3   | Reached skill level 14 in Invocations
 18968 | Lair:4   | Reached skill level 15 in Invocations
 19555 | Lair:4   | Reached **** piety under Qazlal
 19661 | Lair:4   | Noticed a seven-headed hydra
 19667 | Lair:4   | Killed a seven-headed hydra
 20007 | Lair:4   | Found a hole to the Spider Nest.
 20538 | D:2      | Bought the ring of Juegoly {rPois EV+4 Str-4 Dex+2} for 473
                  | gold pieces
 20841 | Lair:5   | Noticed a death yak
 20841 | Lair:5   | Noticed a death yak
 20841 | Lair:5   | Noticed a death yak
 20841 | Lair:5   | Noticed a death yak
 20841 | Lair:5   | Noticed a death yak
 20901 | Lair:4   | Reached skill level 16 in Invocations
 21017 | Lair:4   | Reached XP level 13. HP: 48/102 MP: 4/24
 21301 | Lair:5   | Reached skill level 1 in Stealth
 22009 | Lair:5   | Found a runed translucent door.
 22037 | Lair:5   | Found a staircase to the Slime Pits.
 22039 | Lair:5   | Identified the +4 mace of Pain and Death {venom, rCorr
                  | Str+2}
 22618 | Lair:5   | Reached skill level 17 in Invocations
 23111 | Lair:5   | Noticed Plazmod's ghost (journeyman DECj)
 23128 | Lair:6   | Entered Level 6 of the Lair of Beasts
 23290 | Lair:6   | Reached skill level 5 in Stealth
 24770 | Lair:6   | Reached ***** piety under Qazlal
 24792 | Lair:6   | Reached XP level 14. HP: 71/110 MP: 4/25
 24817 | Lair:6   | Reached skill level 18 in Invocations
 25026 | Lair:6   | Learned a level 1 spell: Apportation
 25029 | Lair:6   | Learned a level 2 spell: Blink
 25915 | Lair:6   | Found a large runed translucent door.
 26151 | Lair:6   | Found a large runed translucent door.
 26843 | D:11     | Found Arphetupt's Assorted Antiques.
 26889 | D:11     | Reached skill level 1 in Translocations
 27053 | D:11     | Bought a scroll labelled FEARHUE UPNE for 28 gold pieces
 27136 | D:11     | Noticed Erolcha
 27138 | D:11     | Killed Erolcha
 27139 | D:11     | Reached skill level 1 in Spellcasting
 27248 | D:11     | Noticed Grum
 27260 | D:11     | Killed Grum
 27429 | D:11     | Found a sparkling altar of Nemelex Xobeh.
 29021 | Spider:1 | Entered Level 1 of the Spider Nest
 30418 | Orc:1    | Found a runed translucent door.
 30421 | Orc:1    | Noticed pkoi's ghost (journeyman MiGl)
 30706 | Orc:2    | Entered Level 2 of the Orcish Mines
 30990 | Orc:1    | Slain by an ogre

Illustrated notes

Levels and vault maps discovered:
D:1:      nzn_arrival_crosshair, layout_rooms,
          hellmonk_ecumenical_altar_pennies_from_heaven
D:2:      layout_basic, serial_shops, shop, nicolae_shop_statue_plus, shop,
          nicolae_shop_unique_rings, st_stairs_5, kennysheep_generic_room_6,
          uniq_sigmund, uniq_robin, uniq_jessica
D:3:      layout_loops_ring, nicolae_overflow_hidden_temple, serial_park_tiny_1,
          small_statue_intersection, st_stairs_9, nrook_mini_backslash,
          fountainhead
D:4:      layout_basic, nicolae_overflow_crystal_walls,
          minmay_temple_entry_fiery, kennysheep_nondescript
D:5:      layout_loops_cross, mainiacjoe_overflow_surrounded_room,
          minmay_door_square, uniq_prince_ribbit1
D:6:      layout_basic, uniq_grinder, uniq_menkaure
D:7:      layout_rooms
D:8:      layout_rooms
D:9:      cheibrodos_wizards_tower, layout_loops_ring, slow_altar_1,
          lair_entry_dummy, serial_shops, nicolae_shop_stone,
          kennysheep_flooded_box, nicolae_water_bricks, uniq_psyche
D:10:     layout_basic, zombieorc1_lemuel, serial_shops, shop
D:11:     layout_roguey, special_room [special_room_orc], serial_shops,
          nicolae_shop_overgrown_old_shop, nemelex_diamond_rough_becter,
          uniq_grum, uniq_erolcha
D:12:     layout_roguey
Temple:   mainiacjoe_temple_coin_purse
Lair:1:   layout_loops_ring, grunt_megastairs_1, lemuel_fruit_fields
Lair:2:   layout_big_grid, st_stairs_7
Lair:3:   layout_loops_ring, skrybe_swamp_entry_bodies,
          nicolae_volcano_entry_two_sided, grunt_forest_small_clearings,
          st_stairs_3
Lair:4:   layout_cave_pods, dummy_spider_entry, grunt_megastairs_5
Lair:5:   layout_cave_shapes, minmay_slime_entry_pillars,
          ebering_ghost_reflecting_pool
Lair:6:   cheibrodos_lair_end_hotspot, layout_long_grid, minivault_26
Spider:1: layout_spider_delve, nicolae_crawler_farm, uniq_louise
Orc:1:    layout_caves, ebering_ghost_reflecting_pool, nicolae_orc_tapped_out
Orc:2:    st_orc_pillars, layout_caves, minmay_orc_temple_a

Skill      XL: |  1  2  3  4  5  6  7  8  9 10 11 12 13 14 |
---------------+-------------------------------------------+-----
Maces & Flails | 3 4 5 6 7 8 10 12 14 | 14.0
Evocations     | 1 2 4 6 |  6.4
Dodging        | 1 2 3 4 |  4.8
Fighting       | 4 5 6 7 |  7.2
Armour         | 4 5 6 7 |  7.1
Shields        | 4 |  4.0
Invocations    | 1 2 4 6 9 12 16 17 18 | 18.3
Stealth        | 6 7 |  7.1
Translocations | 2 |  2.0
Spellcasting   | 2 |  2.0

Action                   |  1- 3 |  4- 6 |  7- 9 | 10-12 | 13-15 || total
-------------------------+-------+-------+-------+-------+-------++-------
Melee: Flail             |    56 |   116 |   325 |   597 |    62 ||  1156
       Headbutt          |     5 |    23 |    62 |   151 |   206 ||   447
       Mace              |       |       |       |       |   661 ||   661
Throw: Boomerang         |       |     9 |     4 |       |     1 ||    14
Invok: Upheaval          |       |       |     2 |     8 |     5 ||    15
       Disaster Area     |       |       |       |       |     1 ||     1
Evoke: Wand              |       |     4 |     2 |     4 |     2 ||    12
  Use: Scroll            |     2 |       |     6 |     7 |     3 ||    18
       Potion            |       |       |     5 |       |     1 ||     6
Armor: Scale mail        |    22 |    46 |   124 |       |       ||   192
       Plate armour      |       |       |       |   285 |   223 ||   508
Dodge: Dodged            |    32 |    49 |   156 |   196 |   309 ||   742
       Repelled          |       |       |       |       |     4 ||     4
Block: Buckler           |    10 |    24 |    85 |   220 |   328 ||   667
